AoeStats
← Chicago789

Arabia

513531663Analyzed
2v2 RM · 2d ago on Oct 14, 2026· 39m 18s· 4 players
Game mode
Random Map
Map size
Medium (4 player)
Population
200
Speed
Normal
Resources
Standard
Victory
Conquest
Starting age
Dark Age
Ending age
Imperial Age
RankedLock teamsTeams togetherTeam positionsShared explorationLock speedFull tech treeHidden civsTurbo modeCheats
Victory
Defeat
🇵🇪 Vietnamese · Peru
1056
+11
🇵🇪 Inca · Peru
933
+16
vs
🇲🇽 Romans · Mexico
941
-14
🇲🇽 Mongols · Mexico
936
-13
Spartak_2406
6:32 Loom
9:28 Feudal Age
15:24 Fletching
21:07 Double-Bit Axe
24:14 Castle Age
22:40 Padded Archer Armor
23:56 Man-at-Arms
24:22 Arson
24:28 Crossbowman
25:14 Thumb Ring
34:58 Long Swordsman
37:02 Bow Saw
38:22 Bodkin Arrow
ismaelsaloro
8:47 Loom
11:58 Feudal Age
12:14 Man-at-Arms
13:33 Forging
14:08 Horse Collar
14:35 Double-Bit Axe
24:09 Castle Age
22:37 Gold Mining
25:51 Long Swordsman
32:40 Heavy Plow
33:54 Elite Skirmisher
37:29 Imperial Age
36:13 Stone Mining
37:12 Ballistics
37:55 Legionary
Xavi-10-
7:10 Loom
9:49 Feudal Age
10:15 Town Watch
12:42 Double-Bit Axe
14:39 Horse Collar
17:32 Gold Mining
24:22 Castle Age
22:46 Stone Mining
23:17 Fletching
23:46 Padded Archer Armor
24:29 Crossbowman
25:29 Bow Saw
26:56 Wheelbarrow
26:40 Bodkin Arrow
29:05 Hand Cart
30:06 Leather Archer Armor
31:08 Scale Barding Armor
35:51 Bloodlines
38:35 Imperial Age
38:49 Bloodlines
38:40 Husbandry
Chicago789
8:50 Loom
10:37 Feudal Age
19:42 Castle Age
18:27 Double-Bit Axe
18:27 Horse Collar
23:21 Bow Saw
25:51 Pikeman
26:38 Scale Mail Armor
26:43 Champi Runner
28:17 Heavy Plow
29:24 Gold Mining
29:25 Stone Mining
31:00 Wheelbarrow
30:16 Champi Warrior
31:25 Fletching
32:35 Forging
34:50 Hand Cart
37:03 Scale Mail Armor
37:15 Squires
Connection lost

Rejoining the realm…

Still unreachable

The connection could not be restored.

Session expired

The server has moved on; the page needs a fresh start.